 Dungeon Crawl Stone Soup version 0.31.0-7-gf635a9b802 (webtiles) character file.

Game seed: 15611385117838345637

169794 SnakkuSnakku7 the Tortoise (level 18, -20/124 HPs)
             Began as a Djinni Monk on Jan 23, 2024.
             Was the Champion of Makhleb.
             Killed from afar by a shock serpent (25 damage)
             ... with a bolt of electricity
             ... on level 4 of the Snake Pit.
             The game lasted 00:46:26 (28153 turns).

SnakkuSnakku7 the Tortoise (Djinni Monk)           Turns: 28153, Time: 00:46:28

Health: -20/124    AC: 36    Str: 10    XL:     18   Next: 61%
Gold:   90         EV:  8    Int: 18    God:    Makhleb [******] SH: 20 Dex: 24

rFire   + . .        a - +0 scimitar of Tortfeasance {pain, Fly rPois}
rCold   + + .        J - +0 tower shield
rNeg    + . .        c - +5 ice dragon scales of Time Monsters {Harm Fly rF- rC++}
rPois   ∞            p - +2 helmet {Int+3}
rElec   .            F - +2 cloak {Stlth+}
rCorr   .            y - +2 pair of gloves
SInv    .            (boots unavailable)
Will    ++++.        v - amulet of the Four Winds {rN+ Will+++ Clar}
Stlth   +            I - +4 ring of protection
HPRegen 0.40/turn    r - ring of Gicwob {rC+ Dex+3}
MPRegen 0.00/turn

%: harm (+30% outgoing, +20% incoming), clarity, infuse magic (-21 HP)
@: flying, hasted, constricted, very quick
A: sickness immunity, fire resistance 2, cold vulnerability 1, float, innate
caster, HP casting, extra vitality 1
a: Renounce Religion, Minor Destruction, Lesser Servant of Makhleb, Major
Destruction, Greater Servant of Makhleb


You were on level 4 of the Snake Pit.
You worshipped Makhleb.
Makhleb was exalted by your worship.
You visited 4 branches of the dungeon, and saw 26 of its levels.
You also visited: Ice Cave.

You collected 2633 gold pieces.
You spent 2543 gold pieces at shops.

Inventory:

Hand Weapons
 a - the +0 scimitar of Tortfeasance (weapon) {pain, Fly rPois}
   (You found it on level 5 of the Lair of Beasts)

   rPois:     It protects you from poison Fly: It grants you flight.
 b - a +1 heavy scimitar
 o - the +7 scimitar "Orb Guardian's Death" {venom, Str+4}
   (You bought it in a shop on level 2 of the Orcish Mines)

   Str+4:     It affects your strength (+4).
 S - a +0 double sword
 U - a +0 demon blade of venom
Missiles
 f - 50 poisoned darts (quivered)
 l - 10 curare-tipped darts
Armour
 c - the +5 ice dragon scales of Time Monsters (worn) {Harm Fly rF- rC++}
   (You found it in an ice cave)

   rF-:       It makes you vulnerable to fire.
   rC++:      It greatly protects you from cold.
   Fly:       It grants you flight.
   Harm:      It increases damage dealt and taken.
 p - a +2 helmet of intelligence (worn)
 y - a +2 pair of gloves (worn)
 F - a +2 cloak of stealth (worn)
 H - +1 steam dragon scales
 J - a +0 tower shield (worn)
Jewellery
 r - the ring of Gicwob (right hand) {rC+ Dex+3}
   (You found it in an ice cave)

   [ring of protection from cold]

   Dex+3:     It affects your dexterity (+3).
   rC+:       It protects you from cold.
 v - the amulet of the Four Winds (around neck) {rN+ Will+++ Clar}
   (You found it on level 4 of the Lair of Beasts)

   [amulet of nothing]

   rN+:       It protects you from negative energy.
   Will+++:   It greatly increases your willpower.
   Clar:      It protects you from confusion, rage, mesmerisation and fear.
 B - a ring of resist corrosion
 E - a ring of willpower
 I - a +4 ring of protection (left hand)
 T - a +6 ring of dexterity
Wands
 q - a wand of iceblast (20)
 D - a wand of light (7)
 G - a wand of flame (32)
 V - a wand of digging (5)
Scrolls
 d - a scroll of enchant weapon
 g - 8 scrolls of revelation
 h - 5 scrolls of poison
 i - 3 scrolls of vulnerability
 j - 5 scrolls of immolation
 n - 6 scrolls of noise
 w - 2 scrolls of silence
 A - 2 scrolls of teleportation
 K - 3 scrolls of enchant armour
 R - 6 scrolls of identify
Potions
 e - 3 potions of haste
 k - 4 potions of brilliance
 m - 2 potions of berserk rage
 s - 2 potions of invisibility
 t - 6 potions of attraction
 u - 2 potions of curing
 x - 2 potions of might
 C - 4 potions of mutation
 L - 3 potions of enlightenment
 M - 3 potions of resistance
 O - 6 potions of ambrosia
 P - 2 potions of lignification
Miscellaneous
 N - a lightning rod (1/4)


   Skills:
 - Level 10.0 Fighting
 - Level 14.0 Long Blades
 - Level 16.7 Armour
 - Level 10.0 Dodging
 + Level 13.3 Shields
 - Level 12.0 Spellcasting
 - Level 12.0 Conjurations
 - Level 12.0 Hexes
 - Level 12.0 Summonings
 - Level 12.0 Necromancy
 - Level 12.0 Translocations
 - Level 12.0 Fire Magic
 - Level 12.0 Ice Magic
 - Level 12.0 Air Magic
 - Level 12.0 Earth Magic
 - Level 12.0 Alchemy
 - Level 10.0 Invocations


You knew the following spells:

 Your Spells              Type           Power      Damage    Failure   Level
a - Kiss of Death         Conj/Necr      100%       2d13      1%          1
b - Call Imp              Summ           100%       N/A       2%          2
c - Summon Ice Beast      Ice/Summ       52%        N/A       4%          3
d - Passwall              Erth           52%        N/A       4%          3
e - Olgreb's Toxic Radia  Alch           52%        N/A       16%         4
f - Curse of Agony        Necr           52%        N/A       38%         5
g - Conjure Ball Lightni  Conj/Air       26%        3x3d7     93%         6
h - Plasma Beam           Fire/Air       26%        2x1d38    93%         6
Your spell library was empty.

Dungeon Overview and Level Annotations

Branches:
Dungeon (15/15)            Temple (0/1) D:5            Lair (5/5) D:11
 Shoals (0/4) Lair:3        Snake (4/4) Lair:3        Slime (0/5) Lair:4
    Orc (2/2) D:11            Elf (0/3) Orc:2        Vaults (0/5) D:13
 Depths (0/4) D:15          IceCv (visited)

Altars:
Makhleb
Qazlal
Uskayaw
Wu Jian
Xom
Lugonu

Shops:
D:3 !   D:13 [   Orc:1 *   Orc:2 =([*=   Snake:1 =*   Snake:2 :=:   Snake:4 [!:

Portals:
Hell: Lair:5


Innate Abilities, Weirdness & Mutations

You are immune to sickness and miasma.
You are immune to poison.
Your flesh is very heat resistant. (rF++)
You are vulnerable to cold. (rC-)
You float through the air rather than walking.
You learn spells naturally, not from books.
Your magical power is your life essence.
You have superior vitality. (+4 MHP)


Message History

You barely miss the shock serpent.
The shock serpent is lightly wounded.
The shock serpent bites you but does no damage.
You closely miss the shock serpent.
The shock serpent is lightly wounded.
The shock serpent shoots out a bolt of lightning at you!
The bolt of electricity hits you. You block the naga warrior's attack. x2
You block the shock serpent's attack.
You closely miss the shock serpent.
The shock serpent is lightly wounded.
You block the shock serpent's attack. The naga warrior spits poison at you.
The splash of poison hits you but does no damage.
You resist.
Unknown command.
Aiming: Major Destruction (1% risk of failure)
Press: ? - help, Shift-Dir - straight line, f - shock serpent
Aim: a shock serpent The bolt of magma hits the shock serpent!!
The shock serpent is almost dead.
The bolt of magma hits the shock serpent!!
The shock serpent is severely wounded.
The shock serpent's electric aura discharges, shocking you! x2
You block the naga warrior's attack. x2
The shock serpent bites you but does no damage.
Unknown command.
Okay, then.
The shock serpent attacks as it pursues you!
The shock serpent bites you! The shock serpent shocks you!
The naga warrior attacks as it pursues you!
The naga warrior closely misses you. The naga warrior grabs you.
The naga warrior constricts you.
Okay, then.
You feel yourself speed up. You block the shock serpent's attack.
The shock serpent shoots out a bolt of lightning at you!
The bolt of electricity hits you!!
* * * LOW HITPOINT WARNING * * *
The shock serpent shoots out a bolt of lightning at you!
The bolt of electricity hits you!!
You die...

#... ..~≈ ...#........
#.... ..≈ ..N.######)##
#...###..##......
##.....
#...............##...#..
#..............##.......
#'#######+##.....∩..
#.†.......#.........
#.SN......#.........
#.S@.)......#....#..
#.........#.........
#.........#.........
######'#####.....∩..
............##.......
...........####...#..
............#..##.....
............#...###)##
............##...)))).


You could see a naga warrior and 2 shock serpents.

Vanquished Creatures
  Mlioglotl (Snake:2)
  Agnes (D:15)
  Kirke (D:12)
  A nagaraja (Snake:3)
  An azure jelly (IceCv)
  An orc warlord (Orc:2)
  2 quicksilver oozes (IceCv)
  Nessos (D:15)
  The ghost of puppykicker the Severer, a journeyman MiBe of Trog (D:14)
  Josephine (Lair:4)
  6 vault guards (D:13)
  A salamander tyrant (Snake:3)
  A rakshasa (D:15)
  4 centaur warriors
  9 anacondas
  5 hydras
  3 two-headed ogres
  15 death yaks
  4 boulder beetles
  A deep troll earth mage (D:15)
  10 naga warriors
  An orc high priest (Orc:2)
  A tengu warrior (D:15)
  7 shock serpents
  5 naga sharpshooters
  Sonja (Lair:4)
  8 skeletal warriors (D:14)
  A sixfirhy (Lair:5)
  3 salamander mystics
  3 skysharks
  11 mana vipers
  8 naga ritualists
  A swamp dragon (shapeshifter) (D:15)
  An arcanist (Lair:5)
  5 orc knights
  A lindwurm (Lair:5)
  A deep elf zephyrmancer (D:15)
  2 oklob plants
  3 orc sorcerers
  A wolf spider zombie (D:14)
  13 salamanders
  4 cyclopes
  5 manticores
  Maurice (Orc:2)
  40 black mambas
  A merfolk siren (Lair:3)
  17 naga magi
  3 guardian serpents (Snake:4)
  6 meliai
  Joseph (D:7)
  3 ice statues (IceCv)
  6 centaur zombies (D:14)
  27 elephants
  11 cane toads
  A torpor snail (Lair:5)
  2 cane toads (shapeshifter) (D:13)
  Maggie (D:6)
  2 rime drakes (Lair:5)
  2 gargoyles
  4 kobold demonologists
  9 komodo dragons
  Jeremiah (D:6)
  A redback zombie (D:14)
  An unseen horror (D:10)
  2 ice devils (Lair:5)
  2 yaktaurs (D:15)
  2 polar bears
  3 red devils (Lair:5)
  6 trolls
  A queen bee (D:15)
  Grinder (D:5)
  2 blink frogs (Lair:5)
  A raiju (shapeshifter) (D:15)
  4 dream sheep (Lair:5)
  A meliai zombie (D:14)
  4 shadows
  23 slime creatures
  10 wraiths
  2 vampires (D:14)
  6 wyverns
  54 yaks
  6 humans (D:13)
  A steam dragon (D:7)
  10 basilisks
  2 hogs (D:12)
  A warg (Orc:2)
  13 vampire mosquitoes
  A death yak simulacrum (Orc:1)
  29 nagas
  3 great orb of eyes simulacra (IceCv)
  4 hell hounds (Lair:5)
  17 water moccasins
  The ghost of zenocrate the Sneak, an amateur VSEn (D:4)
  An ice beast (D:5)
  2 sky beasts
  26 orc warriors
  5 black bears
  2 laughing skulls (D:13)
  5 boggarts (D:15)
  2 ogres
  8 centaurs
  4 slime creature simulacra (IceCv)
  A phantom (D:6)
  Blork the orc (Orc:2)
  8 kobold brigands
  14 bullfrogs
  A gnoll sergeant (D:9)
  3 glowing shapeshifter simulacra (IceCv)
  A two-headed ogre simulacrum (Orc:1)
  3 wights (D:8)
  A cane toad simulacrum (Orc:1)
  30 killer bees
  A howler monkey (D:11)
  A bombardier beetle (D:3)
  2 lava snakes (D:9)
  4 hounds
  9 orc priests
  4 jellies
  Crazy Yiuf (D:5)
  2 sleepcaps (D:5)
  Jessica (D:2)
  3 iguanas
  15 orc wizards
  A troll simulacrum (Orc:1)
  5 hell rats (Lair:3)
  2 polar bear simulacra (Orc:1)
  6 shapeshifter simulacra (IceCv)
  A spriggan simulacrum (Orc:1)
  Robin (D:2)
  4 gnolls (D:7)
  5 adders
  A naga simulacrum (Orc:1)
  A river rat (D:4)
  2 white imps (D:5)
  5 dart slugs
  2 ribbon worms
  49 orcs
  7 ball pythons
  5 endoplasms
  5 giant cockroaches
  15 goblins
  7 hobgoblins
  2 jackals (D:1)
  3 quokkas
  3 bats
  4 frilled lizards
  24 kobolds
  9 rats
838 creatures vanquished.

Vanquished Creatures (collateral kills)
  A quicksilver ooze (IceCv)
  A smoke demon (Lair:5)
  An ice devil (Lair:5)
3 creatures vanquished.

Vanquished Creatures (others)
  A two-headed ogre (D:10)
  A naga warrior (Snake:4)
  An orc (D:15)
  2 starspawn tentacles (Snake:2)
5 creatures vanquished.

Grand Total: 846 creatures vanquished

Notes
Turn   | Place    | Note
-------+----------+-------------------------------------------
     0 | D:1      | SnakkuSnakku7 the Djinni Monk began the quest for the Orb.
     0 | D:1      | Reached XP level 1. HP: 20/20 MP: 0/0
   114 | D:1      | Reached XP level 2. HP: 20/25 MP: 0/0
   464 | D:1      | Reached XP level 3. HP: 27/30 MP: 0/0
   464 | D:1      | Learned a level 1 spell: Kiss of Death
   617 | D:1      | Found a faded altar of an unknown god.
   737 | D:1      | Prayed at the altar of an unknown god.
   737 | D:1      | Became a worshipper of Makhleb the Destroyer
   737 | D:1      | Reached * piety under Makhleb
   737 | D:1      | Reached ** piety under Makhleb
  1113 | D:2      | Identified the +1 scale mail "Fompimum" {rPois Int+2 Dex+2}
  1174 | D:2      | Reached *** piety under Makhleb
  1238 | D:2      | Noticed Robin
  1244 | D:2      | Reached XP level 4. HP: 35/35 MP: 0/0
  1249 | D:2      | Killed Robin
  1315 | D:2      | Noticed Jessica
  1323 | D:2      | Killed Jessica
  1324 | D:2      | Reached XP level 5. HP: 39/40 MP: 0/0
  1324 | D:2      | Learned a level 2 spell: Call Imp
  1344 | D:2      | Reached skill level 5 in Long Blades
  1873 | D:3      | Found Siytuh's Distillery.
  1881 | D:3      | Bought a potion of degeneration for 14 gold pieces
  1882 | D:3      | Bought a potion of curing for 42 gold pieces
  1882 | D:3      | Bought a potion of heal wounds for 70 gold pieces
  2295 | D:4      | Found an ornate altar of the Wu Jian Council.
  2360 | D:4      | Reached **** piety under Makhleb
  2361 | D:4      | Reached XP level 6. HP: 46/46 MP: 0/0
  2371 | D:4      | Found a runed translucent door.
  2471 | D:4      | Found a runed translucent door.
  2562 | D:4      | Noticed zenocrate's ghost (amateur VSEn)
  2611 | D:4      | Killed zenocrate's ghost
  2653 | D:5      | Entered Level 5 of the Dungeon
  2755 | D:5      | Reached XP level 7. HP: 39/50 MP: 0/0
  2755 | D:5      | Learned a level 3 spell: Summon Ice Beast
  2797 | D:5      | Found a staircase to the Ecumenical Temple.
  3108 | D:5      | Reached XP level 8. HP: 25/56 MP: 0/0
  3387 | D:5      | Found a runed translucent door.
  3388 | D:5      | Noticed Crazy Yiuf
  3430 | D:5      | Killed Crazy Yiuf
  3495 | D:6      | Noticed Jeremiah
  3547 | D:6      | Noticed Grinder
  3623 | D:5      | Killed Grinder
  3653 | D:6      | Noticed Maggie
  3681 | D:6      | Killed Maggie
  3884 | D:6      | Reached skill level 10 in Long Blades
  3884 | D:6      | Reached XP level 9. HP: 60/60 MP: 0/0
  3884 | D:6      | Learned a level 3 spell: Passwall
  3964 | D:6      | Killed Jeremiah
  4368 | D:7      | Identified the +4 mace "Bubb" {holy, Stlth+}
  4382 | D:7      | Noticed Joseph
  4416 | D:7      | Killed Joseph
  5023 | D:7      | Reached XP level 10. HP: 67/67 MP: 0/0
  5293 | D:8      | HP: 3/67 [yak (12)]
  5485 | D:8      | Reached ***** piety under Makhleb
  6245 | D:9      | Noticed a skeletal warrior
  6606 | D:9      | Identified the +0 leather armour of Pikuv {Str+3 Int+2
                  | Dex-4}
  6882 | D:9      | Noticed a two-headed ogre
  6891 | D:9      | Killed a two-headed ogre
  6957 | D:9      | Reached XP level 11. HP: 58/74 MP: 0/0
  6957 | D:9      | Learned a level 4 spell: Olgreb's Toxic Radiance
  6968 | D:9      | Reached skill level 5 in Fighting
  7235 | D:10     | Entered Level 10 of the Dungeon
  7348 | D:10     | Noticed a two-headed ogre
  7349 | D:10     | Paralysed by a centaur for 4 turns
  7361 | D:10     | Killed a two-headed ogre
  7489 | D:10     | Noticed a two-headed ogre
  7502 | D:10     | Killed a two-headed ogre
  7724 | D:10     | Noticed a centaur warrior
  7736 | D:10     | Killed a centaur warrior
  8011 | D:11     | Found a staircase to the Lair.
  8224 | D:11     | Noticed a two-headed ogre
  8240 | D:11     | Killed a two-headed ogre
  8241 | D:11     | Reached skill level 10 in Fighting
  8397 | D:11     | Found a staircase to the Orcish Mines.
  8441 | D:11     | Noticed a cyclops
  8456 | D:11     | Killed a cyclops
  8457 | D:11     | Reached skill level 5 in Dodging
  8457 | D:11     | Reached XP level 12. HP: 43/91 MP: 0/0
  9176 | Lair:1   | Entered Level 1 of the Lair of Beasts
  9631 | Lair:1   | Found a hide-covered altar of Uskayaw.
 10053 | Lair:2   | Reached skill level 10 in Dodging
 10053 | Lair:2   | Reached skill level 1 in Armour
 10063 | Lair:2   | Reached skill level 2 in Armour
 10094 | Lair:2   | Reached skill level 3 in Armour
 10175 | Lair:2   | Reached skill level 4 in Armour
 10509 | Lair:2   | Reached skill level 5 in Armour
 10569 | Lair:2   | Reached skill level 6 in Armour
 10576 | Lair:2   | Reached ****** piety under Makhleb
 10577 | Lair:2   | Reached XP level 13. HP: 39/96 MP: 0/0
 10577 | Lair:2   | Learned a level 5 spell: Curse of Agony
 10617 | Lair:2   | Reached skill level 7 in Armour
 10836 | Lair:2   | Reached skill level 8 in Armour
 10980 | Lair:2   | Reached skill level 9 in Armour
 11024 | Lair:2   | HP: 2/144 [death yak (15)]
 11513 | Lair:3   | Found a staircase to the Snake Pit.
 11601 | Lair:3   | You are sucked into a shaft and drop 2 floors!
 11601 | Lair:5   | Entered Level 5 of the Lair of Beasts
 11614 | Lair:5   | Reached skill level 10 in Armour
 11626 | Lair:5   | Reached skill level 1 in Invocations
 11673 | Lair:5   | Noticed an eight-headed hydra
 12071 | Lair:3   | Reached skill level 5 in Invocations
 12492 | Lair:3   | Found a staircase to the Shoals.
 12937 | Lair:4   | Reached XP level 14. HP: 91/103 MP: 0/0
 13316 | Lair:4   | Noticed Josephine
 13326 | Lair:4   | Killed Josephine
 13466 | Lair:4   | Identified a scroll of acquirement
 13466 | Lair:4   | Acquired a manual of Armour
 13522 | Lair:4   | Found the amulet of the Four Winds {rN+ Will+++ Clar}
 13584 | Lair:4   | Found a staircase to the Slime Pits.
 13679 | Lair:4   | Noticed Sonja
 13685 | Lair:4   | Killed Sonja
 13918 | Lair:5   | Identified the +0 scimitar of Tortfeasance {pain, Fly
                  | rPois}
 13967 | Lair:5   | Reached skill level 10 in Invocations
 13979 | Lair:5   | Reached skill level 1 in Spellcasting
 13979 | Lair:5   | Reached skill level 1 in Conjurations
 13979 | Lair:5   | Reached skill level 1 in Hexes
 13979 | Lair:5   | Reached skill level 1 in Summonings
 13979 | Lair:5   | Reached skill level 1 in Necromancy
 13979 | Lair:5   | Reached skill level 1 in Translocations
 13979 | Lair:5   | Reached skill level 1 in Fire Magic
 13979 | Lair:5   | Reached skill level 1 in Ice Magic
 13979 | Lair:5   | Reached skill level 1 in Air Magic
 13979 | Lair:5   | Reached skill level 1 in Earth Magic
 13979 | Lair:5   | Reached skill level 1 in Alchemy
 14365 | Lair:5   | Reached skill level 5 in Spellcasting
 14365 | Lair:5   | Reached skill level 5 in Conjurations
 14365 | Lair:5   | Reached skill level 5 in Hexes
 14365 | Lair:5   | Reached skill level 5 in Summonings
 14365 | Lair:5   | Reached skill level 5 in Necromancy
 14365 | Lair:5   | Reached skill level 5 in Translocations
 14365 | Lair:5   | Reached skill level 5 in Fire Magic
 14365 | Lair:5   | Reached skill level 5 in Ice Magic
 14365 | Lair:5   | Reached skill level 5 in Air Magic
 14365 | Lair:5   | Reached skill level 5 in Earth Magic
 14365 | Lair:5   | Reached skill level 5 in Alchemy
 14511 | Lair:5   | HP: 3/103 [boulder beetle (13)]
 15282 | Lair:5   | Reached XP level 15. HP: 89/107 MP: 0/0
 15282 | Lair:5   | Learned a level 6 spell: Conjure Ball Lightning
 15411 | Lair:5   | Identified the +6 sling of Cruel Justice {speed, rPois rC+}
 15553 | Lair:5   | Found a burning altar of Makhleb.
 16140 | Lair:5   | Found a gateway to Hell.
 17016 | D:12     | Noticed Kirke
 17033 | D:12     | Killed Kirke
 17248 | Orc:1    | Entered Level 1 of the Orcish Mines
 17249 | Orc:1    | Found a frozen archway.
 17468 | IceCv    | Entered an ice cave
 17923 | IceCv    | Reached skill level 10 in Spellcasting
 17923 | IceCv    | Reached skill level 10 in Conjurations
 17923 | IceCv    | Reached skill level 10 in Hexes
 17923 | IceCv    | Reached skill level 10 in Summonings
 17923 | IceCv    | Reached skill level 10 in Necromancy
 17923 | IceCv    | Reached skill level 10 in Translocations
 17923 | IceCv    | Reached skill level 10 in Fire Magic
 17923 | IceCv    | Reached skill level 10 in Ice Magic
 17923 | IceCv    | Reached skill level 10 in Air Magic
 17923 | IceCv    | Reached skill level 10 in Earth Magic
 17923 | IceCv    | Reached skill level 10 in Alchemy
 18205 | IceCv    | Noticed a quicksilver ooze
 18213 | IceCv    | Killed a quicksilver ooze
 18355 | IceCv    | Noticed a quicksilver ooze
 18366 | IceCv    | Killed a quicksilver ooze
 18477 | IceCv    | Found a viscous altar of Jiyva.
 18477 | IceCv    | Noticed an azure jelly
 18482 | IceCv    | Noticed a quicksilver ooze
 18484 | IceCv    | Killed an azure jelly
 18512 | IceCv    | Killed a quicksilver ooze
 18516 | IceCv    | Identified the +5 ice dragon scales of Time Monsters {Harm
                  | Fly rF- rC++}
 18520 | IceCv    | Got the ring of Gicwob {rC+ Dex+3}
 18528 | IceCv    | Identified the +3 leather armour of the Endless Expanse
                  | {rN+}
 18985 | Orc:1    | Reached XP level 16. HP: 67/113 MP: 0/0
 19029 | Orc:1    | Found Hank's Mayhem Merchandise.
 19116 | Orc:2    | Entered Level 2 of the Orcish Mines
 19377 | Orc:2    | Found Takafuc's Jewellery Boutique.
 19380 | Orc:2    | Bought a +4 ring of protection for 540 gold pieces
 19795 | Orc:2    | Noticed Blork the orc
 19809 | Orc:2    | Killed Blork the orc
 19869 | Orc:2    | Found Eshroca's Antique Weapon Shop.
 19890 | Orc:2    | Bought a brightly glowing scimitar for 297 gold pieces
 19890 | Orc:2    | Identified the +7 scimitar "Orb Guardian's Death" {venom,
                  | Str+4} (You bought it in a shop on level 2 of the Orcish
                  | Mines)
 19899 | Orc:2    | Found Cazxuol's General Store.
 19906 | Orc:2    | Bought a potion of might for 44 gold pieces
 19906 | Orc:2    | Bought a potion of curing for 33 gold pieces
 19917 | Orc:2    | Noticed Maurice
 19952 | Orc:2    | Maurice stole a ring of resist corrosion
 19953 | Orc:2    | Killed Maurice
 20027 | Orc:2    | Found a staircase to the Elven Halls.
 20123 | Orc:2    | Found Bugyrph's Jewellery Shop.
 20138 | Orc:2    | Found Ohodumonn's Antique Armour Shop.
 20377 | D:13     | Found Uloshroiv's Antique Armour Boutique.
 20385 | D:13     | Bought a dazzling helmet for 247 gold pieces
 20385 | D:13     | Identified the +1 helmet of Bright Salvation {rN+} (You
                  | bought it in a shop on level 13 of the Dungeon)
 20579 | D:13     | Reached skill level 1 in Shields
 20615 | D:13     | Identified the +8 plate armour of the Realm of Zot {rElec
                  | Will+ Str-3 Int+3}
 20619 | D:13     | Found a gate to the Vaults.
 21331 | D:14     | Reached skill level 5 in Shields
 21870 | D:14     | Found a runed translucent door.
 21874 | D:14     | Noticed puppykicker's ghost (journeyman MiBe)
 22143 | D:14     | Killed puppykicker's ghost
 22184 | D:15     | Entered Level 15 of the Dungeon
 22190 | D:15     | Noticed Agnes
 22200 | D:15     | Noticed Nessos
 22202 | D:15     | Killed Agnes
 22215 | D:15     | Killed Nessos
 22386 | D:15     | Reached XP level 17. HP: 94/119 MP: 0/0
 22386 | D:15     | Learned a level 6 spell: Plasma Beam
 22927 | D:15     | Found a staircase to the Depths.
 22977 | D:15     | Found a corrupted altar of Lugonu.
 23723 | Snake:1  | Entered Level 1 of the Snake Pit
 23742 | Snake:1  | Reached skill level 10 in Shields
 23939 | Snake:1  | Reached skill level 11 in Armour
 23969 | Snake:1  | Reached skill level 12 in Armour
 24034 | Snake:1  | Found Tuihadd's Jewellery Shop.
 24225 | Snake:1  | Found a stormy altar of Qazlal.
 24361 | Snake:1  | Found Ecaxahil's Assorted Antiques.
 24739 | Snake:2  | Reached skill level 13 in Armour
 24824 | Snake:1  | Bought a scroll of blinking for 157 gold pieces
 24824 | Snake:1  | Bought a double sword for 315 gold pieces
 24928 | Snake:2  | Reached skill level 14 in Armour
 25185 | Snake:2  | Noticed Mlioglotl
 25199 | Snake:2  | Noticed a tentacled starspawn
 25217 | Snake:2  | Killed Mlioglotl
 25218 | Snake:2  | Reached skill level 15 in Armour
 25730 | Snake:2  | Found Fiwiri's Book Shoppe.
 25730 | Snake:2  | Found Tuotz's Jewellery Boutique.
 25731 | Snake:2  | Found Ulelaja's Book Shoppe.
 25848 | Snake:3  | Reached skill level 16 in Armour
 26229 | Snake:3  | Reached XP level 18. HP: 84/124 MP: 0/0
 26232 | Snake:3  | Acquired a +0 demon blade of venom
 26611 | Snake:3  | Found a shimmering altar of Xom.
 27188 | Snake:4  | Entered Level 4 of the Snake Pit
 27225 | Snake:4  | Found Nehecw's Distillery.
 27307 | Snake:4  | Bought a potion of heal wounds for 80 gold pieces
 27307 | Snake:4  | Bought a potion of heal wounds for 80 gold pieces
 27307 | Snake:4  | Found Qafew's Antique Armour Emporium.
 27319 | Snake:4  | Bought a potion of haste for 160 gold pieces
 27319 | Snake:4  | Bought a potion of resistance for 160 gold pieces
 27319 | Snake:4  | Bought a potion of mutation for 128 gold pieces
 27319 | Snake:4  | Bought a potion of mutation for 128 gold pieces
 27319 | Snake:4  | Bought a potion of curing for 48 gold pieces
 27584 | Snake:4  | Found Amephur's Tiny Tomes.
 27734 | Snake:4  | Identified the +5 short sword of the Foremost Stars
                  | {antimagic, rPois rC++ Str-2 Int+2}
 27803 | Snake:4  | HP: 3/124 [salamander tyrant/flame surge (15)]
 28153 | Snake:4  | HP: 5/124 [shock serpent/bolt of electricity (37)]
 28153 | Snake:4  | Killed from afar by a shock serpent

Illustrated notes

Levels and vault maps discovered:
D:1:      dpeg_arrival_simpleton_b, layout_loops_ring,
          hellmonk_ecumenical_altar_defaced_shrine
D:2:      layout_rooms, minivault_25, grunt_ministairs_3, interstate_on_off,
          chequers_serial_rivers_room_a, kennysheep_generic_room_13, uniq_robin,
          uniq_jessica
D:3:      layout_basic, serial_shops, shop, minmay_tree_intersection
D:4:      layout_cave_pools, pdpol_wu_jian_five_deadly_venoms,
          ebering_ghost_sewer_f
D:5:      layout_loops_ring, minmay_temple_entry_mini_moons,
          uniq_crazy_yiuf_cottage
D:6:      layout_cave_pools, uniq_jeremiah, uniq_maggie, uniq_grinder
D:7:      layout_gridville, dreamdust_gnoll_farm, uniq_joseph
D:8:      layout_loops_ring
D:9:      layout_loops_corners, kennysheep_island_fort
D:10:     layout_roguey, mainiacjoe_overflow_cross_hatched,
          nicolae_overflow_hidden_temple
D:11:     layout_long_grid, david_lair_generic, david_orc_2
D:12:     layout_cave_pools, uniq_kirke
D:13:     layout_gridville, ximxim_vaults_locker_room, serial_shops, shop
D:14:     layout_loops_cross, serial_undead, serial_undead_b, serial_undead_a,
          serial_undead_e, serial_undead_b, serial_undead_c, serial_undead_b,
          ebering_ghost_reflecting_pool, minmay_misc_feat_plants
D:15:     hellmonk_depths_entry_around_the_bend, layout_loops_ring, special_room
          [special_room_bee], nicolae_wwwww, marbit_kobold_abyssish, uniq_agnes,
          uniq_nessos
Lair:1:   layout_long_grid, basic_altar, serial_bayou_pond_d, minivault_23
Lair:2:   layout_misc_corridors, infiniplex_staircase_pool_2
Lair:3:   layout_regular_city, minmay_shoals_entry_lonely_mermaid,
          guppyfry_snake_entry_island, grunt_megastairs_1
Lair:4:   layout_cave_pods, nicolae_slime_entry_field_trip, grunt_megastairs_3,
          uniq_sonja, uniq_josephine
Lair:5:   evil_forest, layout_small_grid
Snake:1:  layout_misc_corridors, serial_shops, shop, basic_altar,
          nicolae_snake_gridmaze_zigzag, nicolae_take_the_stairs,
          dpeg_stationary_puzzle, lemuel_fruit_tree
Snake:2:  layout_rooms, nicolae_snake_biting_tails, minmay_shop_grove,
          serial_bayou_shore_b, uniq_mlioglotl
Snake:3:  layout_basic, basic_altar
Snake:4:  grunt_snake_rune_pools, layout_cave_town, grunt_ministairs_11,
          nicolae_shop_i_like_small_books_too, nicolae_snake_bzzzt,
          minmay_shoptagon
Orc:1:    layout_caves, portal_ice_cave_entry_ice_simulacra, minmay_shop_mayhem
Orc:2:    grunt_orc_cross, layout_diamond_mine, serial_shops,
          nicolae_shop_real_fake_doors, uniq_maurice

Skill      XL: |  1  2  3  4  5  6  7  8  9 10 11 12 13 14 15 16 17 18 |
---------------+-------------------------------------------------------+-----
Long Blades    | 3 4 5 6 8 10 12 14 | 14.0
Fighting       | 4 10 | 10.0
Dodging        | 5 10 | 10.0
Armour         | 6 10 16 | 16.7
Invocations    | 7 10 | 10.0
Spellcasting   | 6 10 12 | 12.0
Conjurations   | 6 10 12 | 12.0
Hexes          | 6 10 12 | 12.0
Summonings     | 6 10 12 | 12.0
Necromancy     | 6 10 12 | 12.0
Translocations | 6 10 12 | 12.0
Fire Magic     | 6 10 12 | 12.0
Ice Magic      | 6 10 12 | 12.0
Air Magic      | 6 10 12 | 12.0
Earth Magic    | 6 10 12 | 12.0
Alchemy        | 6 10 12 | 12.0
Shields        | 8 10 13 | 13.3

Action                     |  1- 3 |  4- 6 |  7- 9 | 10-12 | 13-15 | 16-18 || total
---------------------------+-------+-------+-------+-------+-------+-------++-------
  Melee: Falchion          |   103 |    75 |       |       |       |       ||   178
         Long sword        |       |    55 |   233 |   232 |       |       ||   520
         Scimitar          |       |       |       |   507 |  1069 |  1361 ||  2937
  Throw: Dart              |       |       |       |     2 |     6 |       ||     8
 Invoke: Major Destruction |       |       |       |       |    17 |     5 ||    22
         Greater Servant o |       |       |       |       |     3 |       ||     3
  Evoke: Wand              |       |       |       |    12 |    16 |     5 ||    33
         Lightning rod     |       |       |       |       |     4 |     6 ||    10
    Use: Scroll            |       |       |     3 |    19 |    13 |    10 ||    45
         Potion            |       |       |       |     5 |     9 |     5 ||    19
   Stab: Paralysed         |       |       |       |     7 |       |       ||     7
         Invisible         |       |       |       |     1 |     3 |       ||     4
         Sleeping          |       |       |       |       |     1 |       ||     1
 Armour: Robe              |    55 |       |       |       |       |       ||    55
         Scale mail        |     1 |    92 |   168 |   166 |       |       ||   427
         Steam dragon scal |       |       |       |   275 |   760 |       ||  1035
         Skin              |       |       |       |       |     9 |       ||     9
         Ice dragon scales |       |       |       |       |    33 |   909 ||   942
  Dodge: Dodged            |    81 |    63 |   116 |   395 |   960 |   601 ||  2216
  Block: Tower shield      |       |       |       |       |       |   877 ||   877
